3A
COLUMBIA RIVER RATS @ NIAGARA FALLS EXPOS
06/19/2021
 
TOP OF THE 1ST
Columbia River Rats batting - Pitching for Niagara Falls Expos : RHP Roberto Cantú
Pitching: RHP Roberto Cantú
Batting: LHB Floyd Long 0-0: Ball
1-0: Called Strike
1-1: Swinging Strike
1-2: Fly out, F6 (Popup, 6MD)
Batting: RHB Luis Alomar 0-0: Ball
1-0: Called Strike
1-1: Bunted foul
1-2: Foul Ball, location: 2F
1-2: Strikes out swinging
Batting: RHB Armando Alvarado 0-0: Foul Ball, location: 2F
0-1: Ball
1-1: Ground out 1-3 (Groundball, 15S)
Top of the 1st over - 0 run(s), 0 hit(s), 0 error(s), 0 left on base; Columbia 0 - Niagara Falls 0
BOTTOM OF THE 1ST
Niagara Falls Expos batting - Pitching for Columbia River Rats : LHP Santiago Mesa
Pitching: LHP Santiago Mesa
Batting: RHB Michael Peterson 0-0: Called Strike
0-1: Foul Ball, location: 2F
0-2: Strikes out swinging
Batting: RHB Albert Díaz 0-0: Ground out 4-3 (Groundball, 4)
Batting: RHB Bronson Nicholls 0-0: Ball
1-0: Called Strike
1-1: Ball
2-1: Swinging Strike
2-2: Ball
3-2: Foul Ball, location: 2F
3-2: Base on Balls
Batting: LHB Jorge Borbón 0-0: Called Strike
0-1: Ball
1-1: Ball
2-1: Ball
3-1: SINGLE (Groundball, 4M)
Bronson Nicholls to second
Batting: RHB Chuck Wolf 0-0: Ground out 6-3 (Groundball, 6)
Bottom of the 1st over - 0 run(s), 1 hit(s), 0 error(s), 2 left on base; Columbia 0 - Niagara Falls 0
TOP OF THE 2ND
Columbia River Rats batting - Pitching for Niagara Falls Expos : RHP Roberto Cantú
Batting: LHB Robert Adams 0-0: Ball
1-0: Called Strike
1-1: Called Strike
1-2: Fly out, F9 (Flyball, 89M)
Batting: RHB Jan Gosselin 0-0: Ball
1-0: Ground out 3-1 (Groundball, 34)
Batting: RHB Fernando Silva 0-0: Ground out 5-3 (Groundball, 5S)
Top of the 2nd over - 0 run(s), 0 hit(s), 0 error(s), 0 left on base; Columbia 0 - Niagara Falls 0
BOTTOM OF THE 2ND
Niagara Falls Expos batting - Pitching for Columbia River Rats : LHP Santiago Mesa
Batting: SHB Janghyun Sam 0-0: Ball
1-0: Fly out, F2 (Popup, 2RF)
Batting: RHB Sean MacKnight 0-0: SINGLE (Groundball, 56D)
Batting: SHB Michel Perrin 0-0: Ball
1-0: Ball
2-0: Foul Ball, location: 2F
2-1: Ball
3-1: Ground out 2-3 (Groundball, 25)
Sean MacKnight to second
Batting: RHB Juan Andrade 0-0: Ball
1-0: Foul Ball, location: 2F
1-1: Swinging Strike
1-2: Strikes out swinging
Bottom of the 2nd over - 0 run(s), 1 hit(s), 0 error(s), 1 left on base; Columbia 0 - Niagara Falls 0
TOP OF THE 3RD
Columbia River Rats batting - Pitching for Niagara Falls Expos : RHP Roberto Cantú
Batting: RHB Bryce Bancroft 0-0: Called Strike
0-1: Ball
1-1: Foul Ball, location: 2F
1-2: Strikes out swinging
Batting: SHB Jorge González 0-0: Ball
1-0: Foul Ball, location: 2F
1-1: Foul Ball, location: 2F
1-2: Ball
2-2: SINGLE (Groundball, 34D)
Batting: RHB Thomas Morris 0-0: SINGLE (Line Drive, 6M)
Jorge González to second
Batting: LHB Floyd Long 0-0: Grounds into double play, 4-6-3 (Groundball, 4)
Top of the 3rd over - 0 run(s), 2 hit(s), 0 error(s), 1 left on base; Columbia 0 - Niagara Falls 0
BOTTOM OF THE 3RD
Niagara Falls Expos batting - Pitching for Columbia River Rats : LHP Santiago Mesa
Batting: RHB Michael Peterson 0-0: Ball
1-0: SINGLE (Groundball, 56D)
Batting: RHB Albert Díaz 0-0: Fly out, F8 (Line Drive, 8LS)
Batting: RHB Bronson Nicholls 0-0: Foul Ball, location: 2F
0-1: Ground out 5-3 (Groundball, 56S)
Michael Peterson to second
Batting: LHB Jorge Borbón 0-0: Called Strike
0-1: Swinging Strike
0-2: Ball
1-2: SINGLE (Groundball, 4M)
Michael Peterson to third
Runner from 3rd tries for Home, SAFE, no throw or cutoff
Batting: RHB Chuck Wolf 0-0: Ball
1-0: Called Strike
1-1: Ball
2-1: SINGLE (Groundball, 56D)
Jorge Borbón to second
Batting: SHB Janghyun Sam 0-0: Ground out 6-3 (Groundball, 6)
Bottom of the 3rd over - 1 run(s), 3 hit(s), 0 error(s), 2 left on base; Columbia 0 - Niagara Falls 1
TOP OF THE 4TH
Columbia River Rats batting - Pitching for Niagara Falls Expos : RHP Roberto Cantú
Batting: RHB Luis Alomar 0-0: Foul Ball, location: 2F
0-1: Ball
1-1: Fly out, F7 (Flyball, 7M)
Batting: RHB Armando Alvarado 0-0: Ground out 4-3 (Groundball, 4)
Batting: LHB Robert Adams 0-0: Ground out U3 (Groundball, 3L)
Top of the 4th over - 0 run(s), 0 hit(s), 0 error(s), 0 left on base; Columbia 0 - Niagara Falls 1
BOTTOM OF THE 4TH
Niagara Falls Expos batting - Pitching for Columbia River Rats : LHP Santiago Mesa
Batting: RHB Sean MacKnight 0-0: Ball
1-0: Ball
2-0: Called Strike
2-1: SINGLE (Line Drive, 6MD)
Batting: SHB Michel Perrin 0-0: Called Strike
0-1: Foul Ball, location: 2F
0-2: Ball
1-2: Foul Ball, location: 2F
1-2: Ball
2-2: Foul Ball, location: 2F
2-2: Ball
3-2: Base on Balls
Sean MacKnight to second
Batting: RHB Juan Andrade 0-0: Foul Ball, location: 2F
0-1: Fielders Choice at 2nd, 1-6 (Groundball, 15)
Sean MacKnight to third
Batting: RHB Michael Peterson 0-0: Ball
1-0: Foul Ball, location: 2F
1-1: Ball
2-1: Ball
3-1: Base on Balls
Juan Andrade to second
Batting: RHB Albert Díaz 0-0: Ball
1-0: Called Strike
1-1: Foul Ball, location: 2F
1-2: Strikes out looking
Batting: RHB Bronson Nicholls 0-0: Hit by Pitch
Sean MacKnight scores
Juan Andrade to third
Michael Peterson to second
Batting: LHB Jorge Borbón 0-0: Ball
1-0: Ball
2-0: Fly out, F7 (Flyball, 78S)
Bottom of the 4th over - 1 run(s), 1 hit(s), 0 error(s), 3 left on base; Columbia 0 - Niagara Falls 2
TOP OF THE 5TH
Columbia River Rats batting - Pitching for Niagara Falls Expos : RHP Roberto Cantú
Batting: RHB Jan Gosselin 0-0: Called Strike
0-1: Ball
1-1: Ball
2-1: Ground out 4-3 (Groundball, 4)
Batting: RHB Fernando Silva 0-0: Ball
1-0: Fly out, F8 (Popup, 4MD)
Batting: RHB Bryce Bancroft 0-0: Ball
1-0: SINGLE (Groundball, 34D)
Batting: SHB Jorge González 0-0: Ball
1-0: Swinging Strike
1-1: Foul Ball, location: 2F
1-2: Strikes out swinging
Top of the 5th over - 0 run(s), 1 hit(s), 0 error(s), 1 left on base; Columbia 0 - Niagara Falls 2
BOTTOM OF THE 5TH
Niagara Falls Expos batting - Pitching for Columbia River Rats : LHP Santiago Mesa
Batting: RHB Chuck Wolf 0-0: Called Strike
0-1: DOUBLE (Flyball, 7LM)
Batting: SHB Janghyun Sam 0-0: SINGLE (Flyball, 89S)
Chuck Wolf to third
Batting: RHB Sean MacKnight 0-0: Ball
1-0: Ball
2-0: Ball
3-0: Called Strike
3-1: Base on Balls
Janghyun Sam to second
Batting: SHB Michel Perrin 0-0: Ball
1-0: Ground out 5-3 (Groundball, 15S)
Chuck Wolf scores
Janghyun Sam to third
Sean MacKnight to second
Batting: RHB Juan Andrade 0-0: Ball
1-0: Swinging Strike
1-1: Ball
2-1: Swinging Strike
2-2: Ball
3-2: Foul Ball, location: 2F
3-2: Strikes out swinging
Batting: RHB Michael Peterson 0-0: Foul Ball, location: 2F
0-1: Swinging Strike
0-2: Strikes out swinging
Bottom of the 5th over - 1 run(s), 2 hit(s), 0 error(s), 2 left on base; Columbia 0 - Niagara Falls 3
TOP OF THE 6TH
Columbia River Rats batting - Pitching for Niagara Falls Expos : RHP Roberto Cantú
Batting: RHB Thomas Morris 0-0: Swinging Strike
0-1: Ball
1-1: Ball
2-1: Ball
3-1: Foul Ball, location: 2F
3-2: Strikes out looking
Batting: LHB Floyd Long 0-0: Ball
1-0: Ball
2-0: Ball
3-0: Called Strike
3-1: Called Strike
3-2: Foul Ball, location: 2F
3-2: Strikes out swinging
Batting: RHB Luis Alomar 0-0: Foul Ball, location: 2F
0-1: Foul Ball, location: 2F
0-2: Fly out, F2 (Popup, 2RF)
Top of the 6th over - 0 run(s), 0 hit(s), 0 error(s), 0 left on base; Columbia 0 - Niagara Falls 3
BOTTOM OF THE 6TH
Niagara Falls Expos batting - Pitching for Columbia River Rats : LHP Santiago Mesa
Batting: RHB Albert Díaz 0-0: Called Strike
0-1: Ball
1-1: Ground out 1-3 (Groundball, 23)
Batting: RHB Bronson Nicholls 0-0: Ball
1-0: Ball
2-0: Fly out, F9 (Flyball, 9M)
Batting: LHB Jorge Borbón 0-0: Called Strike
0-1: Ball
1-1: SINGLE (Line Drive, 5D)
Batting: RHB Chuck Wolf 0-0: Foul Ball, location: 2F
0-1: Ball
1-1: Ball
2-1: Ball
3-1: Ground out 4-3 (Groundball, 4)
Bottom of the 6th over - 0 run(s), 1 hit(s), 0 error(s), 1 left on base; Columbia 0 - Niagara Falls 3
TOP OF THE 7TH
Columbia River Rats batting - Pitching for Niagara Falls Expos : RHP Roberto Cantú
Batting: RHB Armando Alvarado 0-0: Ball
1-0: Called Strike
1-1: Swinging Strike
1-2: Strikes out swinging
Batting: LHB Robert Adams 0-0: Ground out U3 (Groundball, 3L)
Batting: RHB Jan Gosselin 0-0: Ball
1-0: Ball
2-0: Ball
3-0: Called Strike
3-1: Swinging Strike
3-2: Strikes out looking
Top of the 7th over - 0 run(s), 0 hit(s), 0 error(s), 0 left on base; Columbia 0 - Niagara Falls 3
BOTTOM OF THE 7TH
Niagara Falls Expos batting - Pitching for Columbia River Rats : LHP Santiago Mesa
Batting: SHB Janghyun Sam 0-0: Swinging Strike
0-1: Ground out 4-3 (Groundball, 4)
Batting: RHB Sean MacKnight 0-0: Ball
1-0: Ground out 1-3 (Groundball, 13)
Batting: SHB Michel Perrin 0-0: SINGLE (Line Drive, 5)
Batting: RHB Juan Andrade 0-0: Called Strike
0-1: Called Strike
0-2: Strikes out looking
Bottom of the 7th over - 0 run(s), 1 hit(s), 0 error(s), 1 left on base; Columbia 0 - Niagara Falls 3
TOP OF THE 8TH
Columbia River Rats batting - Pitching for Niagara Falls Expos : RHP Roberto Cantú
Batting: RHB Fernando Silva 0-0: Ball
1-0: Ball
2-0: Ball
3-0: Called Strike
3-1: Base on Balls
Batting: RHB Bryce Bancroft 0-0: Fly out, F8 (Flyball, 8LM)
Batting: SHB Jorge González 0-0: Fly out, F6 (Popup, 6MD)
Batting: RHB Thomas Morris 0-0: Ball
1-0: Called Strike
1-1: Ball
2-1: Foul Ball, location: 2F
2-2: Foul Ball, location: 2F
2-2: Strikes out swinging
Top of the 8th over - 0 run(s), 0 hit(s), 0 error(s), 1 left on base; Columbia 0 - Niagara Falls 3
BOTTOM OF THE 8TH
Niagara Falls Expos batting - Pitching for Columbia River Rats : LHP Santiago Mesa
Batting: RHB Michael Peterson 0-0: Ball
1-0: Ground out U3 (Groundball, 3S)
Batting: RHB Albert Díaz 0-0: Ball
1-0: Called Strike
1-1: Ball
2-1: Foul Ball, location: 2F
2-2: Strikes out swinging
Batting: RHB Bronson Nicholls 0-0: Ball
1-0: Swinging Strike
1-1: Foul Ball, location: 2F
1-2: Strikes out swinging
Bottom of the 8th over - 0 run(s), 0 hit(s), 0 error(s), 0 left on base; Columbia 0 - Niagara Falls 3
TOP OF THE 9TH
Columbia River Rats batting - Pitching for Niagara Falls Expos : RHP Roberto Cantú
Batting: LHB Floyd Long 0-0: Called Strike
0-1: Ball
1-1: Called Strike
1-2: Strikes out swinging
Batting: RHB Luis Alomar 0-0: Ball
1-0: Ball
2-0: Ground out 4-3 (Groundball, 4S)
Batting: RHB Armando Alvarado 0-0: Ball
1-0: Ball
2-0: Ground out 1-3 (Groundball, 23)
Top of the 9th over - 0 run(s), 0 hit(s), 0 error(s), 0 left on base; Columbia 0 - Niagara Falls 3
This league is powered by Out of the Park Baseball, the baseball management simulation game for PC, Mac and Linux
Friday, January 22nd, 2016 - OOTP Baseball 16.9 Build 39